AoeStats
← TermedSine3328

African Clearing

510463467Analyzed
4v4 RM · 16h ago on Oct 1, 2026· 39m 18s· 8 players
Game mode
Random Map
Map size
Large (8 player)
Population
200
Speed
Normal
Resources
Standard
Victory
Conquest
Starting age
Dark Age
Ending age
Imperial Age
RankedLock teamsTeams togetherTeam positionsShared explorationLock speedFull tech treeHidden civsTurbo modeCheats
Victory
Defeat
🇨🇳 Varangians · China
948
+13
🇺🇸 Mongols · United States
929
+14
🇨🇦 Japanese · Canada
922
+14
🇫🇮 Huns · Finland
915
+14
🇵🇪 Burgundians · Peru
906
-42
🇵🇪 Byzantines · Peru
885
-14
🇺🇾 Hindustanis · Uruguay
871
-13
🇦🇷 Khmer · Argentina
857
-13
TermedSine3328
13:09 Loom
GodNeftis
5:28 Loom
16:41 Feudal Age
20:50 Castle Age
Atila
15:35 Feudal Age
13:51 Loom
16:45 Double-Bit Axe
18:22 Stone Mining
26:16 Castle Age
26:16 Wheelbarrow
25:34 Fletching
27:00 Gold Mining
29:45 Fortified Wall
32:34 Bodkin Arrow
JulioApo
3:48 Loom
4:05 Loom
12:55 Feudal Age
13:32 Double-Bit Axe
14:32 Horse Collar
19:10 Wheelbarrow
21:33 Bloodlines
21:21 Fletching
✪ ahahaha
4:34 Loom
12:55 Feudal Age
13:41 Double-Bit Axe
20:24 Castle Age
19:47 Bloodlines
19:44 Scale Barding Armor
21:06 Husbandry
28:14 Forging
29:47 Iron Casting
30:15 Wheelbarrow
40:20 Imperial Age
39:25 Chain Barding Armor
39:24 Hand Cart
Rölli
4:50 Loom
13:04 Feudal Age
13:29 Horse Collar
13:36 Double-Bit Axe
19:24 Castle Age
19:34 Bloodlines
19:33 Scale Barding Armor
26:13 Husbandry
26:45 Forging
34:07 Imperial Age
33:08 Chain Barding Armor
33:26 Iron Casting
34:26 Ballistics
34:49 Town Watch
35:43 Wheelbarrow
35:01 Cavalier
35:54 Capped Ram
37:42 Paladin
NORINCO
15:00 Feudal Age
16:34 Double-Bit Axe
17:23 Loom
20:48 Horse Collar
22:30 Bloodlines
23:33 Wheelbarrow
23:32 Forging
27:56 Castle Age
26:14 Scale Barding Armor
28:25 Castle Age
29:26 Husbandry
29:56 Bow Saw
29:49 Heavy Plow
29:42 Gold Mining
33:02 Iron Casting
32:48 Chain Barding Armor
41:08 Imperial Age
39:05 Treadmill Crane
SHARP99
6:06 Loom
15:17 Feudal Age
15:30 Man-at-Arms
15:55 Arson
26:05 Double-Bit Axe
26:22 Horse Collar
31:50 Castle Age
30:05 Gold Mining
30:12 Fishing Lines
32:54 Bow Saw
32:49 Heavy Plow
37:07 Gold Shaft Mining
39:58 Imperial Age
38:33 Wheelbarrow
Connection lost

Rejoining the realm…

Still unreachable

The connection could not be restored.

Session expired

The server has moved on; the page needs a fresh start.